[Event "*** Titled Tuesday Blitz"]
[Site "Chess.com"]
[Date "2020.04.14"]
[Round "9"]
[White "Lupul_Cenusiu"]
[Black "NDePinEsPeRG"]
[Result "1/2-1/2"]
[WhiteElo "2494"]
[BlackElo "2880"]
[TimeControl "180+1"]
[EndTime "11:42:49 PDT"]
[Termination "Game drawn - insufficient material"]

1. d4 Nf6 2. Bg5 e6 3. Nd2 h6 4. Bh4 c5 5. e3 cxd4 6. exd4 Be7 7. Ngf3 b6 8. a4 O-O 9. Bd3 Ba6 10. Bxa6 Nxa6 11. c3 Qc8 12. O-O Qb7 13. Re1 Nc7 14. Ne5 Ncd5 15. Qf3 d6 16. Bxf6 Bxf6 17. Ng4 Rab8 18.
c4 h5 19. Nxf6+ Nxf6 20. Ne4 Nxe4 21. Rxe4 d5 22. Re5 dxc4 23. Qxh5 Rfd8 24. Qh4 Rd5 25. Rc1 Rxe5 26. dxe5 Qd5 27. Qxc4 Qxe5 28. Qc7 Qxc7 29.
Rxc7 a5 30. g3 b5 31. Ra7 bxa4 32. Rxa5 Rb4 33. h4 g6 34. Kg2 Kg7 35. Ra7 e5 36. Kf3 Kf6 37. g4 Ke6 38. Ra6+ Kd5 39. h5 gxh5 40.
gxh5 Rh4 41. Kg3 Rxh5 42. Rxa4 Rh1 43. Ra5+ Ke4 44. f3+ Kf5 45. f4 f6 46. fxe5 fxe5 47. Ra4 Rf1 48. Kg2 Rb1 49. Rb4 e4 50. Kf2 Ke5 51. Ke2 Kd5 52. Rb8 Kd4 53. Rd8+ Kc4 54. Rc8+ Kb3 55. Rb8+ Kc2 56. Rc8+ Kxb2 57. Rb8+ Kc2 58.
Rxb1 Kxb1 59. Ke3 Kc2 60. Kxe4 1/2-1/2

[Event "*** Titled Tuesday Blitz"]
[Site "Chess.com"]
[Date "2020.04.14"]
[Round "9"]
[White "almo64"]
[Black "Muracle"]
[Result "1-0"]
[WhiteElo "2855"]
[BlackElo "2687"]
[TimeControl "180+1"]
[EndTime "11:42:50 PDT"]
[Termination "almo64 won by checkmate"]

1. e4 e5 2. Nf3 Nc6 3. Bb5 a6 4.
Ba4 Nf6 5. O-O Be7 6. Bxc6 dxc6 7. Nc3 Bd6 8. d3 O-O 9. Be3 h6 10. h3 Re8 11. Nd2 Nh7 12. Ne2 Be6 13. f4 exf4 14.
Nxf4 Bd7 15. Nc4 Qe7 16. Nxd6 cxd6 17. Bd4 Rad8 18. Qh5 Qg5 19. Qf3 Re7 20. Nh5 f6 21. Be3 Qe5 22. c3 d5 23. Ng3 Ng5 24. Bxg5 hxg5 25.
Rae1 d4 26. c4 Be6 27. a3 b5 28. Nf5 Rb7 29. c5 b4 30. a4 Bxf5 31. Qxf5 Re7 32. Rc1 a5 33. Qg6 Qg3 34. Rf3 Qe5 35. Rcf1 Rf8 36. Rf5 Qg3 37. R1f3 Qe1+ 38. Kh2 Re6 39. Rxg5 Qc1 40. Qxg7# 1-0

[Event "*** Titled Tuesday Blitz"]
[Site "Chess.com"]
[Date "2020.04.14"]
[Round "9"]
[White "chessdjw"]
[Black "Embrujada"]
[Result "1-0"]
[WhiteElo "2622"]
[BlackElo "2413"]
[TimeControl "180+1"]
[EndTime "11:42:50 PDT"]
[Termination "chessdjw won by resignation"]

1. e4 c6 2. Nf3 d5 3. Nc3 Nf6 4. e5 Ne4 5. Ne2 Qb6 6. d4 e6 7. Ng3 c5 8. Bd3 Nxg3 9. fxg3 Nc6 10. O-O h6 11. Kh1 cxd4 12. a3 Bd7 13. b4 a6 14. Bb2 Be7 15. Qd2 Rc8 16. Rae1 Qc7 17. Nxd4 Nxd4 18. Bxd4 Bb5 19. Qf4 O-O 20. h4 Bc4 21.
Rf2 a5 22. Qd2 axb4 23. axb4 Ra8 24. Ref1 Ra4 25. c3 b5 26. Qe3 Ra3 27. Re1 Bxb4 28.
Bb1 Ba5 29. Qc1 Ra1 30. Bh7+ Kxh7 31. Qxa1 Ra8 32. Qb2 Qb7 33. Ra1 Bd8 34. Rxa8 Qxa8 35. Rxf7 Qa4 36. Qb1+ Kg8 37. Qg6 Qa1+ 38. Kh2 1-0

[Event "*** Titled Tuesday Blitz"]
[Site "Chess.com"]
[Date "2020.04.14"]
[Round "9"]
[White "MusicCityMaster"]
[Black "Spalir"]
[Result "1/2-1/2"]
[WhiteElo "2319"]
[BlackElo "2572"]
[TimeControl "180+1"]
[EndTime "11:42:50 PDT"]
[Termination "Game drawn by repetition"]

1. d4 Nf6 2. c4 e6 3. Nc3 d5 4.
Bg5 Be7 5. e3 O-O 6. Nf3 h6 7.
Bxf6 Bxf6 8. Rc1 c6 9. Bd3 Nd7 10. O-O dxc4 11. Bxc4 e5 12. Ne4 exd4 13. Nxf6+ Qxf6 14. Qxd4 Qxd4 15. Nxd4 Ne5 16. Bb3 Nd3 17. Rc3 Nb4 18.
a3 Na6 19. e4 Rd8 20. Nf3 Be6 21. Bc2 Nc7 22. h3 Kf8 23. Ne5 Rd2 24. a4 Rad8 25. f4 f6 26. Ng6+ Ke8 27. e5 f5 28.
Nh4 Nd5 29. Rc5 Ne3 30. Rc1 g5 31. fxg5 hxg5 32. Nf3 Rxg2+ 33. Kh1 Rg3 34. Ng1 Rd2 35. Rc3 f4 36. Be4 Rxb2 37. a5 Bxh3 38. a6 Bg2+ 39.
Bxg2 Rgxg2 40. Nf3 bxa6 41. Rxc6 g4 42. Re6+ Kd7 43. Rd6+ Ke7 44. Rc7+ Ke8 45. Rc8+ Ke7 46. Rc7+ Ke8 47. Rc8+ Ke7 48. Rc7+ 1/2-1/2

[Event "*** Titled Tuesday Blitz"]
[Site "Chess.com"]
[Date "2020.04.14"]
[Round "9"]
[White "lifeissofun"]
[Black "Ziyamammadov"]
[Result "0-1"]
[WhiteElo "2187"]
[BlackElo "1810"]
[TimeControl "180+1"]
[EndTime "11:42:50 PDT"]
[Termination "Ziyamammadov won by checkmate"]

1. e4 e6 2. d4 d5 3. Nd2 dxe4 4. Nxe4 Nd7 5. Bd3 Ngf6 6. Nxf6+ Nxf6 7. c3 Be7 8. Nf3 b6 9. O-O Bb7 10. Re1 c5 11. dxc5 Bxc5 12. Ng5 O-O 13. Qc2 h6 14.
Ne4 Bxe4 15. Bxe4 Rc8 16. Bf4 Ng4 17. Bg3 Qf6 18. Bf3 h5 19. h3 Nh6 20. Bxh5 Nf5 21. Be5 Qh4 22. Bg4 Ne7 23. Bg3 Qg5 24. Re5 f5 25.
Rae1 Rf6 26. Kh2 Qh6 27. Bf3 f4 28. Rh5 fxg3+ 29. fxg3 Qg6 30. Qe2 Nf5 31. g4 Bd6+ 32. Kg1 Ng3 33. Qd2 Rd8 34. Qc1 Nxh5 35. gxh5 Qg3 36. Bg4 Bc5+ 37. Kh1 Bd6 38. Kg1 Qh2# 0-1

[Event "*** Titled Tuesday Blitz"]
[Site "Chess.com"]
[Date "2020.04.14"]
[Round "9"]
[White "guillembaches"]
[Black "katchesskat"]
[Result "1-0"]
[WhiteElo "2472"]
[BlackElo "2214"]
[TimeControl "180+1"]
[EndTime "11:42:51 PDT"]
[Termination "guillembaches won on time"]

1. e4 c5 2. Nf3 e6 3. g3 a6 4. Bg2 b5 5. O-O Bb7 6. Re1 Qc7 7.
d4 cxd4 8. Nxd4 d6 9. a4 bxa4 10. Rxa4 Nd7 11. Nc3 Nc5 12. Rc4 Qb6 13. b4 Nd7 14.
Be3 Ne5 15. Nxe6 Nxc4 16. Bxb6 fxe6 17. Qd4 Rc8 18. Bh3 Kf7 19. Ba7 Be7 20. Nd5 Bf6 21. Nxf6 Nxf6 22. f4 Rhe8 23. Bf1 d5 24. exd5 Bxd5 25.
Bc5 Na3 26. Bd3 Nb5 27. Qa1 Rc6 28. c4 Bf3 29. cxb5 Rcc8 30. bxa6 Red8 31. Bf1 Rd2 32. a7 Ng4 33. h3 Nh2 34. Bf2 Rcc2 35. Kxh2 Rxf2+ 36.
Kg1 Bg2 37. a8=Q 1-0

[Event "*** Titled Tuesday Blitz"]
[Site "Chess.com"]
[Date "2020.04.14"]
[Round "9"]
[White "KingChess345"]
[Black "axvesik"]
[Result "1-0"]
[WhiteElo "2166"]
[BlackElo "2437"]
[TimeControl "180+1"]
[EndTime "11:42:51 PDT"]
[Termination "KingChess345 won by resignation"]

1. d4 Nf6 2. Nf3 e6 3. g3 b6 4.
Bg2 Bb7 5. O-O Be7 6. c4 O-O 7. Nc3 Ne4 8. Bd2 f5 9. d5 Bf6 10. Rc1 Na6 11. Be1 Nac5 12. Nd4 Qe7 13. Ncb5 a6 14.
Na3 exd5 15. cxd5 Qe5 16. b4 Qxd4 17. bxc5 Qxd1 18. Rxd1 Nxc5 19. d6 Bxg2 20. Kxg2 c6 21. Nc4 b5 22. Ne3 g6 23. Bb4 Ne4 24. f3 a5 25.
fxe4 axb4 26. exf5 Rxa2 27. fxg6 Rxe2+ 28. Kf3 Rxh2 29. gxh7+ Kxh7 30. Ke4 Kg6 31. Ng4 Re8+ 32. Kd3 Rg2 33. Nxf6 Rxg3+ 34. Kc2 Re2+ 35. Rd2 b3+ 36. Kc1 Rxd2 37.
Kxd2 b2 38. Kc2 Rg2+ 39. Kb1 Rd2 40. Nxd7 Rxd6 41. Ne5+ Kg5 42. Nf7+ Kg6 43. Nxd6 1-0

[Event "*** Titled Tuesday Blitz"]
[Site "Chess.com"]
[Date "2020.04.14"]
[Round "9"]
[White "Alexandercs432"]
[Black "PrinceCharming92"]
[Result "0-1"]
[WhiteElo "2123"]
[BlackElo "2317"]
[TimeControl "180+1"]
[EndTime "11:42:51 PDT"]
[Termination "PrinceCharming92 won on time"]

1. e4 d5 2. exd5 Qxd5 3. Nc3 Qd6 4. d4 Nf6 5. Nf3 c6 6. Ne5 Nbd7 7. Nc4 Qc7 8. g3 Nb6 9. Bf4 Qd8 10. Ne5 Bf5 11.
Bg2 e6 12. O-O Be7 13. Re1 O-O 14.
h3 h6 15. Be3 Nbd5 16. Nxd5 cxd5 17. c3 b5 18. Qe2 Qb6 19. g4 Be4 20. f3 Bh7 21. g5 hxg5 22. Bxg5 Rfc8 23. Kh1 b4 24. Rg1 bxc3 25. bxc3 Rxc3 26. Rad1 Rc2 27. Rd2 Rxd2 28. Qxd2 Qb4 29. Qf4 Rc8 30. Bf1 Bf5 31. Bh6 g6 32.
h4 Nh5 33. Qe3 Qc3 34. Qxc3 Rxc3 35. Ng4 Bxh4 36. Nf6+ Bxf6 37. Bd2 Rc2 38. Be3 Bh4 39. Bg2 Ng3+ 40. Kh2 Nh5 41. Bf4 Nxf4 42. Kh1 Rxg2 0-1

[Event "*** Titled Tuesday Blitz"]
[Site "Chess.com"]
[Date "2020.04.14"]
[Round "9"]
[White "davidkalashian"]
[Black "swisspower96"]
[Result "1-0"]
[WhiteElo "2523"]
[BlackElo "2640"]
[TimeControl "180+1"]
[EndTime "11:42:52 PDT"]
[Termination "davidkalashian won by resignation"]

1. d4 Nf6 2. c4 e6 3. Nf3 d5 4. Nc3 Bb4 5. Bg5 h6 6. Bxf6 Qxf6 7. Qa4+ Nc6 8. e3 O-O 9. Rc1 Rd8 10. Be2 dxc4 11. Bxc4 Bd6 12. O-O a6 13. Ne4 Qe7 14. Nxd6 cxd6 15. d5 Ne5 16. Nxe5 dxe5 17. e4 Bd7 18.
Qa5 Rac8 19. Bb3 exd5 20. Bxd5 Bb5 21. Rfe1 h5 22. h3 h4 23. Qb6 Rxc1 24. Rxc1 Rd7 25. Qe3 Qf6 26. b3 Bc6 27. Bxc6 bxc6 28. Qe2 a5 29. Rd1 Rxd1+ 30. Qxd1 Qf4 31. Qc2 c5 32. a4 g6 33. Qc4 Kg7 34. Qxc5 Qxe4 35. Qxa5 Qf4 36.
Qc3 f6 37. a5 Qe4 38. a6 Qb1+ 39. Kh2 Qa2 40. Qc7+ Kh6 41. a7 Qxf2 42. Qc1+ 1-0

[Event "*** Titled Tuesday Blitz"]
[Site "Chess.com"]
[Date "2020.04.14"]
[Round "9"]
[White "saikrishnaReturns"]
[Black "theprosecution1"]
[Result "0-1"]
[WhiteElo "2634"]
[BlackElo "2811"]
[TimeControl "180+1"]
[EndTime "11:42:54 PDT"]
[Termination "theprosecution1 won by checkmate"]

1. e4 c6 2. d3 d5 3. Nd2 e5 4. Ngf3 Bd6 5. g3 Nf6 6. Bg2 O-O 7. O-O Nbd7 8. Re1 Re8 9. c3 a5 10. a4 Nc5 11. Qc2 Bg4 12. h3 Bh5 13. Nh4 dxe4 14.
dxe4 Bc7 15. Bf1 Qd7 16. Nf5 Rad8 17. g4 Bg6 18. Nc4 Bxf5 19. exf5 e4 20. Bg5 Bb8 21. Bh4 Nd3 22. Re3 Ba7 23. Re2 Qc7 24. Rd1 h5 25.
Ne3 hxg4 26. hxg4 Qf4 27. Bg3 Qg5 28. Bh3 Nd5 29. Nxd5 cxd5 30. c4 Nf4 31. Bxf4 Qxf4 32. cxd5 e3 33. f3 Re5 34. d6 Rc5 35. Qb3 Qg3+ 36.
Bg2 Rxd6 37. Rxd6 Qxd6 38. f4 Rc1+ 39. Kh2 Qxf4+ 40. Kh3 Qh6+ 41. Kg3 Bb8+ 42. Kf3 Qf4# 0-1

[Event "*** Titled Tuesday Blitz"]
[Site "Chess.com"]
[Date "2020.04.14"]
[Round "9"]
[White "Artem_Sadovsky"]
[Black "VinzentSpitzl"]
[Result "0-1"]
[WhiteElo "2599"]
[BlackElo "2396"]
[TimeControl "180+1"]
[EndTime "11:42:54 PDT"]
[Termination "VinzentSpitzl won on time"]

1. Nf3 d5 2. g3 Nf6 3. Bg2 e6 4.
O-O Be7 5. c4 O-O 6. b3 c5 7.
Bb2 Nc6 8. cxd5 Nxd5 9. d4 cxd4 10. Nxd4 Bd7 11. Nc3 Nxc3 12. Bxc3 Rc8 13. e3 Nxd4 14. Bxd4 b6 15. Rc1 Bb5 16. Qg4 g6 17. Rfd1 Rxc1 18.
Rxc1 Qd7 19. a4 Ba6 20. Bc6 Qd6 21. Qe4 f5 22. Qe5 Qxe5 23. Bxe5 Rc8 24. Rc2 Bb7 25.
Bxb7 Rxc2 26. Bb8 a5 27. Ba6 Kf7 28. Bc4 Bc5 29. h4 Kf6 30. Bf4 e5 31. Bg5+ Kg7 32.
Kf1 h6 33. Bd8 Rd2 34. Bc7 Kf6 35. Ke1 Rd7 36. Bb8 Rb7 37. Ke2 Rxb8 38. f4 exf4 0-1

[Event "*** Titled Tuesday Blitz"]
[Site "Chess.com"]
[Date "2020.04.14"]
[Round "9"]
[White "gui_borba"]
[Black "politeplayer"]
[Result "1-0"]
[WhiteElo "2335"]
[BlackElo "2179"]
[TimeControl "180+1"]
[EndTime "11:42:54 PDT"]
[Termination "gui_borba won on time"]

1. d4 e6 2. Bf4 f5 3. e3 Nf6 4.
c4 c5 5. Nc3 cxd4 6. exd4 Bb4 7. Nf3 Qa5 8. Bd2 d5 9. c5 Ne4 10.
Nxe4 fxe4 11. Ne5 O-O 12. f3 e3 13. Bxb4 Qxb4+ 14. Ke2 Qxb2+ 15. Kxe3 Nc6 16. Nxc6 bxc6 17. f4 e5 18. dxe5 Bg4 19. Qd4 Qxd4+ 20. Kxd4 Rxf4+ 21. Kc3 Re4 22. Bd3 Rxe5 23. Rhe1 Rae8 24. Rxe5 Rxe5 25. Kd4 Re7 26. Rb1 Kf7 27. h3 Be2 28. Bc2 Bc4 29. a3 Re2 30. Rb7+ Kf6 31. Bxh7 Rxg2 32. Rxa7 Rg3 33.
Rc7 Bb5 34. h4 Rxa3 35. h5 Ra4+ 36. Ke3 Rc4 37. Bg6 Rxc5 38. Rf7+ Kg5 39. Rxg7 Rc3+ 40. Kd2 Rg3 41. Rg8 Kf4 42. h6 Rg2+ 43. Kc1 Rg1+ 44. Kb2 Rg2+ 45. Ka3 c5 46. h7 Bc4 47. Bb1 1-0

[Event "*** Titled Tuesday Blitz"]
[Site "Chess.com"]
[Date "2020.04.14"]
[Round "9"]
[White "elohunter1999"]
[Black "Lysiak_Poltorak"]
[Result "0-1"]
[WhiteElo "2465"]
[BlackElo "2280"]
[TimeControl "180+1"]
[EndTime "11:42:56 PDT"]
[Termination "Lysiak_Poltorak won by resignation"]

1. e4 c6 2. d4 d5 3. e5 Bf5 4.
Nf3 e6 5. Be2 Nd7 6. O-O h6 7.
Nbd2 Ne7 8. Nb3 Qc7 9. a4 g5 10. Ne1 Bg7 11. Nd3 f6 12. exf6 Bxf6 13. f4 O-O-O 14. a5 Rdg8 15. Ne5 gxf4 16. Nxd7 Kxd7 17. Nc5+ Kc8 18. Bxf4 e5 19. Bg3 h5 20. Rxf5 Nxf5 21. Qf1 Nxg3 22. hxg3 Be7 23. Qf5+ Kb8 24. Nd7+ Ka8 25.
Nxe5 Rxg3 26. a6 Rhg8 27. axb7+ Qxb7 28. Bf3 Qxb2 29. Rd1 Qb7 30. c4 Qb3 31. cxd5 Rxg2+ 32. Bxg2 Qxd1+ 33. Kh2 Qe2 34. Qf3 Rxg2+ 35. Qxg2 Qxg2+ 36. Kxg2 cxd5 37. Nc6 Bd6 38. Kh3 Kb7 39. Nd8+ Kb6 40. Nf7 Bc7 41. Ng5 a5 42. Nf3 a4 43. Nd2 Kb5 44.
Nb1 Kc4 45. Kh4 Kxd4 46. Kxh5 Ba5 47. Kg4 Bb4 48. Kf3 a3 49. Nd2 Bxd2 0-1

[Event "*** Titled Tuesday Blitz"]
[Site "Chess.com"]
[Date "2020.04.14"]
[Round "9"]
[White "hellokostya"]
[Black "kingandqueen2017"]
[Result "1-0"]
[WhiteElo "2498"]
[BlackElo "2338"]
[TimeControl "180+1"]
[EndTime "11:42:56 PDT"]
[Termination "hellokostya won by resignation"]

1. d4 Nf6 2. c4 e6 3. Nf3 d5 4.
Nc3 Bb4 5. cxd5 exd5 6. Bg5 O-O 7. Qc2 c5 8. g3 Nc6 9. Rd1 h6 10. Bf4 Ne4 11. Bg2 Qa5 12. Bd2 Bf5 13. a3 Nxc3 14.
Qxf5 Nxd1 15. axb4 Nxb4 16. O-O Nxb2 17. Ne5 Nc4 18.
Nxc4 dxc4 19. Be4 g6 20. Qe5 Rfe8 21. Qf4 Qb6 22. dxc5 Qxc5 23. Bxb7 Rab8 24. Bf3 c3 25. Be3 Qe5 26. Qc4 Qe6 27. Qxc3 Nd5 28. Bxd5 Qxd5 29.
Bxh6 Qe5 30. Qxe5 Rxe5 31. Bf4 Reb5 32. Bxb8 Rxb8 33. Ra1 Rb7 34. e4 Kg7 35. Kg2 g5 36. Kf3 Kg6 37. Kg4 Rb4 38. Ra6+ f6 39. f3 Rb2 40. h4 gxh4 41. gxh4 Rg2+ 42. Kf4 Rh2 43.
Kg3 Rh1 44. Rxa7 Rg1+ 45. Kh2 Rf1 46. Kg2 Re1 47. Ra6 Re2+ 48. Kg3 Re1 49. Ra2 Rg1+ 50. Kf4 Kh5 51. Kf5 Rf1 52. Ra3 Kxh4 53. Kxf6 Kg3 54.
Ke5 Rxf3 55. Rxf3+ Kxf3 56. Kf5 Ke3 57. e5 Kd4 58.
Kf6 1-0

[Event "*** Titled Tuesday Blitz"]
[Site "Chess.com"]
[Date "2020.04.14"]
[Round "9"]
[White "FMOlexandrProhorov"]
[Black "gurelediz"]
[Result "0-1"]
[WhiteElo "2113"]
[BlackElo "2599"]
[TimeControl "180+1"]
[EndTime "11:42:56 PDT"]
[Termination "gurelediz won by resignation"]

1. Nf3 d5 2. d4 c5 3. c4 dxc4 4. d5 Nf6 5. Nc3 Bf5 6. Qa4+ Nbd7 7.
Qxc4 e6 8. e4 exd5 9. exd5 Bd6 10. Bd3 Nb6 11. Qb5+ Bd7 12. Qb3 O-O 13. O-O Bg4 14. Ng5 h6 15. Nge4 Nfxd5 16. Nxd6 Qxd6 17. Ne4 Qc6 18. Bb5 Qc7 19. Bd2 c4 20. Qa3 a6 21.
Ba4 Nxa4 22. Qxa4 b5 23. Qa5 Qxa5 24. Bxa5 Rfe8 25. f3 Bh5 26. Rfd1 Nf4 27. Rd7 Bg6 28. Nd6 Re2 29. g3 Nh3+ 30. Kh1 Rxb2 31. Re1 Rxa2 32. Bc3 Rc2 33. Bd4 c3 34. Ree7 Rf8 35.
Ne8 Rc1+ 36. Kg2 c2 37. Be5 Rg1+ 38. Kxh3 c1=Q 39. Bxg7 Rxe8 40. Rxe8+ Kxg7 41. Rdd8 0-1

[Event "*** Titled Tuesday Blitz"]
[Site "Chess.com"]
[Date "2020.04.14"]
[Round "9"]
[White "Kingsman132"]
[Black "Vuk2000"]
[Result "0-1"]
[WhiteElo "2449"]
[BlackElo "2623"]
[TimeControl "180+1"]
[EndTime "11:42:57 PDT"]
[Termination "Vuk2000 won by checkmate"]

1. Nf3 Nf6 2. g3 d5 3. Bg2 e6 4. d3 Be7 5. Nbd2 O-O 6. e4 c5 7. O-O b5 8. b3 Nc6 9. Bb2 b4 10. a3 a5 11. axb4 cxb4 12. e5 Nd7 13. d4 Ba6 14.
Re1 Bb5 15. c4 bxc3 16. Bxc3 Nb4 17. Re3 Qb6 18. Ne1 Rfc8 19. Nb1 Nc6 20. f4 a4 21. bxa4 Bxa4 22. Rxa4 Rxa4 23. Qxa4 Qxb1 24. Bd2 Nb6 25.
Qc2 Qxc2 26. Nxc2 Nxe5 27. fxe5 Rxc2 28. Rb3 Rxd2 29. Rxb6 Rxd4 30. Rb7 Bc5 31. Rb8+ Bf8 32. Bf1 Re4 33. Rb2 Rxe5 34. Kg2 g5 35. Re2 Rxe2+ 36. Bxe2 h6 37. g4 Kg7 38. Bb5 Kf6 39. Kf3 e5 40. Bd7 e4+ 41. Ke2 Ke5 42. Kf1 Kf4 43. Be8 f6 44. Bf7 d4 45. Be6 d3 46. Bc4 Kxg4 47.
Kf2 Bc5+ 48. Ke1 Bd6 49. Kd2 Bf4+ 50. Kc3 Bxh2 51. Bb3 Be5+ 52. Kd2 Kf4 53. Be6 g4 54.
Ke1 Bc3+ 55. Kf2 e3+ 56. Kg2 e2 57. Bxg4 e1=Q 58. Bf3 Bd4 59. Kh2 Qg3+ 60. Kh1 Qh3# 0-1

[Event "*** Titled Tuesday Blitz"]
[Site "Chess.com"]
[Date "2020.04.14"]
[Round "9"]
[White "indfraeng"]
[Black "Lion-Al-Messi"]
[Result "1-0"]
[WhiteElo "2257"]
[BlackElo "2440"]
[TimeControl "180+1"]
[EndTime "11:42:58 PDT"]
[Termination "indfraeng won by resignation"]

1. d4 b6 2. c4 Bb7 3. Nc3 Nf6 4. f3 Nc6 5. e4 e5 6. d5 Nd4 7.
Nge2 Bc5 8. a3 a5 9. Na4 Nxe2 10. Nxc5 bxc5 11. Bxe2 d6 12. O-O Qd7 13. Bd2 a4 14.
Qc2 Nh5 15. f4 Nxf4 16. Bxf4 exf4 17. Rxf4 f6 18. Bh5+ g6 19. Bg4 Qe7 20. Raf1 O-O 21. Be6+ Kg7 22. Qc3 Bc8 23. g4 Bxe6 24. g5 Qd7 25.
Rxf6 Rxf6 26. Rxf6 Kg8 27. dxe6 Qe7 28. h4 Rf8 29. e5 Rxf6 30. exf6 Qxe6 31. Qf3 Qe1+ 32. Kg2 Qd2+ 33. Kg3 Qe1+ 34. Kg4 Qe6+ 35. Kg3 Qxc4 36.
Qa8+ Kf7 37. Qh8 Qd3+ 38. Kf4 Qd4+ 39. Kf3 Qd5+ 40. Kg4 Qe4+ 41. Kg3 Ke6 42. Qe8+ Kf5 43. Qxe4+ Kxe4 44. f7 1-0

[Event "*** Titled Tuesday Blitz"]
[Site "Chess.com"]
[Date "2020.04.14"]
[Round "9"]
[White "zivicd"]
[Black "RodinMihail"]
[Result "0-1"]
[WhiteElo "2201"]
[BlackElo "2468"]
[TimeControl "180+1"]
[EndTime "11:42:58 PDT"]
[Termination "RodinMihail won by resignation"]

1. e4 e5 2. Nf3 Nc6 3. Bc4 Bc5 4. c3 Nf6 5. d3 a6 6. Bb3 Ba7 7. O-O O-O 8. Be3 d6 9. h3 Qe7 10. Nbd2 Nh5 11. Nxe5 Nxe5 12. Qxh5 Nxd3 13. Bxa7 Rxa7 14.
Qf3 Ne5 15. Qe3 Ra8 16. f4 Nc6 17. Rae1 Kh8 18. Nf3 Be6 19. Bc2 Rae8 20. Ng5 Bc4 21. Bd3 Bxd3 22. Qxd3 f6 23. Nf3 Qf7 24. b3 Qh5 25. Kh2 Re7 26. g4 Qf7 27. Nh4 g6 28. Nf3 Rfe8 29. Kg2 Re6 30. Qd5 Qe7 31. Qd3 Rxe4 32.
Qd2 Re2+ 33. Rxe2 Qxe2+ 34. Rf2 Qxd2 35. Rxd2 Re3 36. Rc2 Re4 37. Kg3 Ne7 38. Rd2 Re3 39. Rc2 Nd5 40. Kf2 Rxc3 41. Rxc3 Nxc3 42. a3 Nd5 43. f5 gxf5 44. gxf5 c5 45. h4 Ne7 46. Nd2 Nxf5 47. Ne4 Kg7 48. h5 b6 49. b4 d5 50.
bxc5 dxe4 51. cxb6 Nd6 0-1

[Event "*** Titled Tuesday Blitz"]
[Site "Chess.com"]
[Date "2020.04.14"]
[Round "9"]
[White "hitaman"]
[Black "Anton_Demchenko"]
[Result "1/2-1/2"]
[WhiteElo "2693"]
[BlackElo "2915"]
[TimeControl "180+1"]
[EndTime "11:42:59 PDT"]
[Termination "Game drawn by repetition"]

1. d4 Nf6 2. Bf4 g6 3. Nc3 d5 4. e3 c6 5. h4 Qb6 6. Rb1 h5 7. Nf3 Bg7 8. Bd3 Bg4 9. Be2 Bxf3 10. Bxf3 Nbd7 11. O-O O-O 12. Be2 Rfe8 13. Na4 Qd8 14. b3 e5 15. dxe5 Nxe5 16. c4 Qe7 17. Bg5 Rad8 18.
cxd5 Rxd5 19. Qc2 Qb4 20. Nc3 Rc5 21. Rbc1 Nd5 22. Qe4 Qa3 23. Nxd5 Rxc1 24. Nf6+ Bxf6 25. Bxf6 Rxf1+ 26. Bxf1 Qd6 27. Bg5 Qd5 28. Qf4 Nd7 29. Bc4 Qd1+ 30. Kh2 Ne5 31. Bf6 Ng4+ 32. Kg3 Qh1 33.
Kf3 Qd1+ 34. Kg3 Qh1 35. Kf3 Qd1+ 36. Kg3 1/2-1/2

[Event "*** Titled Tuesday Blitz"]
[Site "Chess.com"]
[Date "2020.04.14"]
[Round "9"]
[White "ElliPaehtz"]
[Black "Fins0905"]
[Result "1/2-1/2"]
[WhiteElo "2576"]
[BlackElo "2704"]
[TimeControl "180+1"]
[EndTime "11:42:59 PDT"]
[Termination "Game drawn by repetition"]

1. d4 d5 2. Bf4 c5 3. e3 cxd4 4.
exd4 Nc6 5. c3 Nf6 6. Nd2 Bf5 7.
Ngf3 e6 8. Qb3 Bd6 9. Qxb7 Bxf4 10. Qxc6+ Kf8 11. g3 Bd6 12. Nh4 Rb8 13. Nxf5 exf5 14. Nb3 Qe7+ 15. Be2 Rd8 16. Kf1 g6 17. Re1 Kg7 18.
Bf3 Ne4 19. Kg2 h5 20. h4 Qe6 21. c4 Qf6 22. cxd5 Rc8 23. Qb5 Rc2 24. Re2 Rhc8 25.
Rhe1 g5 26. hxg5 Qxg5 27. Bxe4 fxe4 28. Rxc2 Rxc2 29. Re2 Rxe2 30. Qxe2 Qxd5 31. Qe3 Kg6 32. Nd2 f5 33. b3 Be7 34. Nc4 Bf6 35. Ne5+ Bxe5 36.
dxe5 a5 37. Qa7 Qxe5 38. Qb6+ Kg7 39. Qb7+ Kg6 40. Qc6+ Kg7 41. Qd7+ Kf6 42. Qd8+ Kf7 43. Qd7+ Kf6 44. Qd8+ Kf7 45. Qd7+ Kf6 1/2-1/2

[Event "*** Titled Tuesday Blitz"]
[Site "Chess.com"]
[Date "2020.04.14"]
[Round "9"]
[White "Haykoooo0o"]
[Black "garicradomir"]
[Result "1-0"]
[WhiteElo "2591"]
[BlackElo "2406"]
[TimeControl "180+1"]
[EndTime "11:43:00 PDT"]
[Termination "Haykoooo0o won by resignation"]

1. e4 c5 2. Nc3 Nc6 3. f4 g6 4.
Nf3 Bg7 5. Bc4 e6 6. O-O Nge7 7. d3 d5 8. Bb3 O-O 9. Qe1 Na5 10. Qh4 Nxb3 11.
axb3 Nc6 12. Qxd8 Rxd8 13. e5 h5 14. Bd2 Nb4 15. Rfc1 Bd7 16. Na4 Bxa4 17. Rxa4 Na6 18. Rca1 Rac8 19. c3 Bf8 20. Kf2 Be7 21. Ke2 Kf8 22. h3 Ke8 23. Ne1 Kd7 24. Nc2 Rc6 25. d4 Rdc8 26. Be3 Rb6 27. dxc5 Bxc5 28. b4 Bxe3 29. Kxe3 Rc4 30. Nd4 h4 31. b5 Nc7 32.
Rxa7 Nxb5 33. Nxb5 Rxb5 34. R1a2 Kc7 35. Ra8 g5 36. fxg5 Re4+ 37. Kd3 Rxe5 38. Rf8 Rxg5 39. Rxf7+ Kd6 40. b4 Rg3+ 41. Rf3 Rg7 42. Rf4 Rg3+ 43. Rf3 Rg6 44. Raf2 d4 45. Kxd4 Rd5+ 46. Kc4 b5+ 47. Kb3 Rd1 48. Kc2 Ra1 49. Rd3+ Ke7 50. Kb2 Rg1 51.
Rdd2 Rg3 52. Rde2 Kd6 53. Rf6 R1xg2 54. Rxe6+ Kd5 55. Re8 Rxe2+ 56. Rxe2 Rxh3 57. Rd2+ Ke5 58. Rd8 Rg3 59. Rb8 h3 60. Rxb5+ Kf4 61. Rh5 Kg4 62.
Rh8 h2 63. Rxh2 Rg2+ 64. Rxg2+ 1-0

[Event "*** Titled Tuesday Blitz"]
[Site "Chess.com"]
[Date "2020.04.14"]
[Round "9"]
[White "jerry_77"]
[Black "Funkmaus"]
[Result "1-0"]
[WhiteElo "2467"]
[BlackElo "2210"]
[TimeControl "180+1"]
[EndTime "11:43:00 PDT"]
[Termination "jerry_77 won on time"]

1. e4 c6 2. Nf3 d5 3. Nc3 Nf6 4. e5 Ne4 5. Bd3 Nc5 6. O-O Nxd3 7. cxd3 e6 8. d4 c5 9. dxc5 Bxc5 10. d4 Bb6 11.
Be3 Nc6 12. a3 Bd7 13. Rc1 Ne7 14. Qd3 Nf5 15. b4 Rc8 16. a4 Rc4 17. a5 Bc7 18. Rb1 Qe7 19. Nd2 Rxb4 20. Rxb4 Qxb4 21. Rb1 Qxa5 22. Rxb7 Bd8 23. Nb3 Qa3 24. Rxd7 Kxd7 25.
Nc5+ Ke8 26. g4 Nh4 27. Qb5+ Kf8 28. Qb8 Qa1+ 29. Nb1 Qa5 30. Bd2 Nf3+ 31. Kg2 Nxd2 32. Nxd2 g6 33. Nf3 Kg7 34. Qd6 Qc7 35. Qa6 Qb6 36.
Qa4 Be7 37. Nd7 1-0

[Event "*** Titled Tuesday Blitz"]
[Site "Chess.com"]
[Date "2020.04.14"]
[Round "9"]
[White "joksijoksi"]
[Black "kuba2006"]
[Result "0-1"]
[WhiteElo "2315"]
[BlackElo "2464"]
[TimeControl "180+1"]
[EndTime "11:43:00 PDT"]
[Termination "kuba2006 won by resignation"]

1. e4 e5 2. Nf3 Nc6 3. Nc3 Nf6 4. Bb5 Bb4 5. O-O O-O 6. d3 d6 7. Bg5 Bxc3 8. bxc3 Qe7 9. Re1 Nd8 10. d4 Ne6 11. Bd2 Bd7 12. Bd3 Nd8 13. Qc1 Bg4 14. Re3 Nc6 15. d5 Nd8 16. Ne1 Nd7 17. Rg3 Bh5 18. h4 Nc5 19. Rg5 Bg6 20. f3 f6 21. Rg3 Kh8 22. Be3 b6 23. Qd2 Ndb7 24. Rh3 Qe8 25. g4 h5 26. gxh5 Bxh5 27. Kh2 Nxd3 28. cxd3 Nc5 29. d4 exd4 30. cxd4 Nd7 31. Nd3 f5 32. Rg1 fxe4 33. Bh6 Rf7 34. Bxg7+ Rxg7 35. Qh6+ Rh7 36. Qg5 exd3 37. Rhg3 Qf7 38. Qd2 Bxf3 39. Qxd3 Rxh4+ 40. Rh3 Rxh3+ 41. Kxh3 Qh5+ 42. Kg3 Rg8+ 43. Kf2 Qh2+ 44.
Ke3 Qxg1+ 45. Kf4 Qg3+ 46. Ke3 Be4+ 47. Kd2 Qxd3+ 0-1

[Event "*** Titled Tuesday Blitz"]
[Site "Chess.com"]
[Date "2020.04.14"]
[Round "9"]
[White "Dare-Dare"]
[Black "BIG_Pirate"]
[Result "1-0"]
[WhiteElo "2216"]
[BlackElo "2357"]
[TimeControl "180+1"]
[EndTime "11:43:00 PDT"]
[Termination "Dare-Dare won by resignation"]

1. Nf3 d5 2. c4 c6 3. e3 Nf6 4. Nc3 e6 5. b3 Nbd7 6. Bb2 Be7 7. Qc2 a6 8. Rg1 b5 9. g3 Bb7 10. g4 h6 11. h4 bxc4 12. bxc4 c5 13. g5 hxg5 14.
hxg5 Nh5 15. Be2 Rg8 16. Nh2 g6 17. f4 Ng7 18. Ng4 Nf5 19. Bf3 Rb8 20. cxd5 Nb6 21. Na4 Nxd5 22. Bxd5 Qxd5 23. O-O-O Bc6 24. Nc3 Qc4 25.
d3 Qb4 26. Ne4 Bxe4 27. dxe4 Nh4 28. Rd3 c4 29. Rd4 Nf3 30. Rxc4 Qxb2+ 31. Qxb2 Rxb2 32. Kxb2 Nxg1 33. Rc8+ Bd8 34. Nf6+ Ke7 35. Nxg8+ Kd7 36. Ra8 a5 37. Ra7+ Ke8 38. Nf6+ Bxf6+ 39. gxf6 Nf3 40.
Kc3 Nh4 41. Kd3 Ng2 42. Rxa5 Ne1+ 43. Kd2 Nf3+ 44. Ke2 Ng1+ 45. Kf2 Nh3+ 46. Kg2 Nxf4+ 47. exf4 1-0